BSA
LOS CABOS CARTEL @ NEW ORLEANS LOOTERS
05/30/2026
 
TOP OF THE 1ST
Los Cabos Cartel batting - Pitching for New Orleans Looters : RHP Chris Martin
Pitching: RHP Chris Martin
Batting: LHB Willie Wallace 0-0: Ball
1-0: Foul Ball, location: 2F
1-1: Fly out, F7 (Flyball, 7S)
Batting: LHB Miguel Rivería 0-0: Called Strike
0-1: Ground out 1-3 (Groundball, 13)
Batting: SHB Julián Madrid 0-0: Called Strike
0-1: Called Strike
0-2: Ball
1-2: Ground out 1-3 (Groundball, 13)
Top of the 1st over - 0 run(s), 0 hit(s), 0 error(s), 0 left on base; Los Cabos 0 - New Orleans 0
BOTTOM OF THE 1ST
New Orleans Looters batting - Pitching for Los Cabos Cartel : RHP Vicente Durán
Pitching: RHP Vicente Durán
Batting: LHB Francisco Vega 0-0: Ball
1-0: Called Strike
1-1: Foul Ball, location: 2F
1-2: Ball
2-2: Ball
3-2: SINGLE (Flyball, 7S)
Batting: RHB Stephen Shaw 0-0: Foul Ball, location: 2F
0-1: Ball
1-1: 2-RUN HOME RUN (Flyball, 8RXD), Distance : 416 ft
Batting: LHB Taylor Smith 0-0: Ball
1-0: DOUBLE (Flyball, 8LM)
Batting: LHB Luis Sánchez 0-0: Ball
1-0: Ball
2-0: Foul Ball, location: 2F
2-1: Ball
3-1: Called Strike
3-2: Strikes out swinging
Batting: RHB Francisco Ibarra 0-0: Called Strike
0-1: Ball
1-1: Called Strike
1-2: Foul Ball, location: 2F
1-2: Ball
2-2: SINGLE (Groundball, 4MD)
Taylor Smith to third
Runner from 3rd tries for Home, throw and OUT!
Francisco Ibarra to second
Batting: SHB Nate Rhodes 0-0: Called Strike
0-1: Ball
1-1: Ground out 6-3 (Groundball, 6M)
Bottom of the 1st over - 2 run(s), 4 hit(s), 0 error(s), 1 left on base; Los Cabos 0 - New Orleans 2
TOP OF THE 2ND
Los Cabos Cartel batting - Pitching for New Orleans Looters : RHP Chris Martin
Batting: RHB Stephen Wilson 0-0: Called Strike
0-1: Ball
1-1: Ball
2-1: Foul Ball, location: 2F
2-2: Ball
3-2: Foul Ball, location: 2F
3-2: Ground out 5-3 (Groundball, 56S)
Batting: SHB Rob Grun 0-0: Foul Ball, location: 2F
0-1: Ball
1-1: Ball
2-1: Foul Ball, location: 2F
2-2: Strikes out looking
Batting: RHB Gerardo Escobedo 0-0: Foul Ball, location: 2F
0-1: Ball
1-1: Ball
2-1: Ball
3-1: Ground out 5-3 (Groundball, 5L)
Top of the 2nd over - 0 run(s), 0 hit(s), 0 error(s), 0 left on base; Los Cabos 0 - New Orleans 2
BOTTOM OF THE 2ND
New Orleans Looters batting - Pitching for Los Cabos Cartel : RHP Vicente Durán
Batting: RHB José Mora 0-0: Ball
1-0: Foul Ball, location: 2F
1-1: Foul Ball, location: 2F
1-2: Foul Ball, location: 2F
1-2: Strikes out looking
Batting: RHB Dave O'Loan 0-0: Ball
1-0: Ground out 4-3 (Groundball, 4M)
Batting: RHB Ángel Castaneda 0-0: Called Strike
0-1: Ball
1-1: Called Strike
1-2: Ball
2-2: Foul Ball, location: 2F
2-2: Foul Ball, location: 2F
2-2: Strikes out swinging
Bottom of the 2nd over - 0 run(s), 0 hit(s), 0 error(s), 0 left on base; Los Cabos 0 - New Orleans 2
TOP OF THE 3RD
Los Cabos Cartel batting - Pitching for New Orleans Looters : RHP Chris Martin
Batting: RHB John Pick 0-0: Called Strike
0-1: Ground out 5-3 (Groundball, 56)
Batting: RHB Sam Wallace 0-0: Foul Ball, location: 2F
0-1: Foul Ball, location: 2F
0-2: Foul Ball, location: 2F
0-2: Ball
1-2: Strikes out swinging
Batting: SHB Edgardo Osorio 0-0: Ball
1-0: Called Strike
1-1: Ball
2-1: Ground out 4-3 (Groundball, 4)
Top of the 3rd over - 0 run(s), 0 hit(s), 0 error(s), 0 left on base; Los Cabos 0 - New Orleans 2
BOTTOM OF THE 3RD
New Orleans Looters batting - Pitching for Los Cabos Cartel : RHP Vicente Durán
Batting: LHB Francisco Vega 0-0: Ball
1-0: Called Strike
1-1: Swinging Strike
1-2: Ground out 4-3 (Groundball, 4)
Batting: RHB Stephen Shaw 0-0: Called Strike
0-1: Foul Ball, location: 2F
0-2: Strikes out swinging
Batting: LHB Taylor Smith 0-0: Ball
1-0: Called Strike
1-1: Foul Ball, location: 2F
1-2: Strikes out swinging
Bottom of the 3rd over - 0 run(s), 0 hit(s), 0 error(s), 0 left on base; Los Cabos 0 - New Orleans 2
TOP OF THE 4TH
Los Cabos Cartel batting - Pitching for New Orleans Looters : RHP Chris Martin
Batting: LHB Willie Wallace 0-0: Called Strike
0-1: Foul Ball, location: 2F
0-2: Ball
1-2: Strikes out swinging
Batting: LHB Miguel Rivería 0-0: Ground out 5-3 (Groundball, 5)
Batting: SHB Julián Madrid 0-0: Ball
1-0: Ball
2-0: Called Strike
2-1: Ball
3-1: Swinging Strike
3-2: SINGLE (Line Drive, 78M)
Batting: RHB Stephen Wilson 0-0: Called Strike
0-1: Swinging Strike
0-2: Ball
1-2: Foul Ball, location: 2F
1-2: Ball
2-2: Ball
3-2: Foul Ball, location: 2F
3-2: Fly out, F6 (Popup, 5DF)
Top of the 4th over - 0 run(s), 1 hit(s), 0 error(s), 1 left on base; Los Cabos 0 - New Orleans 2
BOTTOM OF THE 4TH
New Orleans Looters batting - Pitching for Los Cabos Cartel : RHP Vicente Durán
Batting: LHB Luis Sánchez 0-0: Called Strike
0-1: Ball
1-1: Called Strike
1-2: Ball
2-2: Strikes out swinging
Batting: RHB Francisco Ibarra 0-0: Called Strike
0-1: Foul Ball, location: 2F
0-2: Ground out 4-3 (Groundball, 4M)
Batting: SHB Nate Rhodes 0-0: Ball
1-0: DOUBLE (Line Drive, 9LS)
Batting: RHB José Mora 0-0: Called Strike
0-1: Foul Ball, location: 2F
0-2: Foul Ball, location: 2F
0-2: Ball
1-2: Ball
2-2: Fly out, F7 (Flyball, 78D)
Bottom of the 4th over - 0 run(s), 1 hit(s), 0 error(s), 1 left on base; Los Cabos 0 - New Orleans 2
TOP OF THE 5TH
Los Cabos Cartel batting - Pitching for New Orleans Looters : RHP Chris Martin
Batting: SHB Rob Grun 0-0: SOLO HOME RUN (Flyball, 9D), Distance : 358 ft
Batting: RHB Gerardo Escobedo 0-0: Ball
1-0: Foul Ball, location: 2F
1-1: Ball
2-1: Ball
3-1: Called Strike
3-2: Foul Ball, location: 2F
3-2: SINGLE (Groundball, 56)
Batting: RHB John Pick 0-0: Called Strike
0-1: Grounds into double play, 4-6-3 (Groundball, 4M)
Batting: RHB Sam Wallace 0-0: Called Strike
0-1: Ball
1-1: Called Strike
1-2: Ball
2-2: Foul Ball, location: 2F
2-2: Foul Ball, location: 2F
2-2: Strikes out swinging
Top of the 5th over - 1 run(s), 2 hit(s), 0 error(s), 0 left on base; Los Cabos 1 - New Orleans 2
BOTTOM OF THE 5TH
New Orleans Looters batting - Pitching for Los Cabos Cartel : RHP Vicente Durán
Batting: RHB Dave O'Loan 0-0: Ball
1-0: DOUBLE (Line Drive, 8LM)
Batting: RHB Ángel Castaneda 0-0: Called Strike
0-1: Ball
1-1: Ball
2-1: Foul Ball, location: 2F
2-2: SINGLE (Line Drive, 6MD)
Dave O'Loan to third
Runner from 3rd tries for Home, SAFE, no throw or cutoff
Batting: LHB Francisco Vega 0-0: Called Strike
0-1: Swinging Strike
0-2: Ball
1-2: Strikes out looking
Batting: RHB Stephen Shaw 0-0: Foul Ball, location: 2F
0-1: Ball
1-1: Foul Ball, location: 2F
1-2: Fly out, F5 (Line Drive, 5)
Batting: LHB Taylor Smith 0-0: Foul Ball, location: 2F
0-1: Called Strike
0-2: Strikes out swinging
Bottom of the 5th over - 1 run(s), 2 hit(s), 0 error(s), 1 left on base; Los Cabos 1 - New Orleans 3
TOP OF THE 6TH
Los Cabos Cartel batting - Pitching for New Orleans Looters : RHP Chris Martin
Batting: SHB Edgardo Osorio 0-0: DOUBLE (Line Drive, 7LS)
Batting: LHB Willie Wallace 0-0: Called Strike
Edgardo Osorio steals 3rd base
0-1: Ball
1-1: Ball
2-1: Foul Ball, location: 2F
2-2: 2-RUN HOME RUN (Line Drive, 9LD), Distance : 349 ft
Batting: LHB Miguel Rivería 0-0: Called Strike
0-1: Called Strike
0-2: Ball
1-2: Ball
2-2: Ground out 1-3 (Groundball, 13)
Batting: SHB Julián Madrid 0-0: Swinging Strike
0-1: Ball
1-1: Ball
2-1: Fly out, F7 (Flyball, 7LM)
Batting: RHB Stephen Wilson 0-0: Ball
1-0: Swinging Strike
1-1: Foul Ball, location: 2F
1-2: Ball
2-2: Ball
3-2: SINGLE (Flyball, 78S)
Batting: SHB Rob Grun 0-0: Ball
1-0: Foul Ball, location: 2F
1-1: Swinging Strike
1-2: Strikes out swinging
Top of the 6th over - 2 run(s), 3 hit(s), 0 error(s), 1 left on base; Los Cabos 3 - New Orleans 3
BOTTOM OF THE 6TH
New Orleans Looters batting - Pitching for Los Cabos Cartel : RHP Vicente Durán
Batting: LHB Luis Sánchez 0-0: Ground out 5-3 (Groundball, 5S)
Batting: RHB Francisco Ibarra 0-0: Called Strike
0-1: Foul Ball, location: 2F
0-2: Strikes out swinging
Batting: SHB Nate Rhodes 0-0: Ball
1-0: Ground out 4-3 (Groundball, 4)
Bottom of the 6th over - 0 run(s), 0 hit(s), 0 error(s), 0 left on base; Los Cabos 3 - New Orleans 3
TOP OF THE 7TH
Los Cabos Cartel batting - Pitching for New Orleans Looters : RHP Chris Martin
Batting: RHB Gerardo Escobedo 0-0: Ball
1-0: Called Strike
1-1: Ground out 5-3 (Groundball, 5S)
Batting: RHB John Pick 0-0: Foul Ball, location: 2F
0-1: Fly out, F9 (Flyball, 89S)
Batting: RHB Sam Wallace 0-0: Ball
1-0: Foul Ball, location: 2F
1-1: Called Strike
1-2: Ball
2-2: Foul Ball, location: 2F
2-2: SINGLE (Flyball, 4MD)
Pinch Hitting: RHB Wilbert Rodgers 0-0: SINGLE (Groundball, 6M)
Sam Wallace to second
Runner from 2nd tries for 3rd, OUT!
Top of the 7th over - 0 run(s), 2 hit(s), 0 error(s), 1 left on base; Los Cabos 3 - New Orleans 3
BOTTOM OF THE 7TH
New Orleans Looters batting - Pitching for Los Cabos Cartel : RHP Vicente Durán
Now in CF: Wilbert Rodgers
Batting: RHB José Mora 0-0: Called Strike
0-1: Swinging Strike
0-2: Ball
1-2: Ball
2-2: Fly out, F8 (Flyball, 8RXD)
Pitching: LHP António Martínez
Batting: RHB Dave O'Loan 0-0: Foul Ball, location: 2F
0-1: Ball
1-1: Ball
2-1: Foul Ball, location: 2F
2-2: Ball
3-2: Strikes out looking
Batting: RHB Ángel Castaneda 0-0: Ball
1-0: Ground out 1-3 (Groundball, 13S)
Bottom of the 7th over - 0 run(s), 0 hit(s), 0 error(s), 0 left on base; Los Cabos 3 - New Orleans 3
TOP OF THE 8TH
Los Cabos Cartel batting - Pitching for New Orleans Looters : RHP Chris Martin
Pitching: RHP Ienobu Sato
Batting: LHB Willie Wallace 0-0: Called Strike
0-1: Foul Ball, location: 2F
0-2: Foul Ball, location: 2F
0-2: Fly out, F8 (Flyball, 8RM)
Batting: LHB Miguel Rivería 0-0: Ground out 4-3 (Groundball, 34)
Batting: SHB Julián Madrid 0-0: Called Strike
0-1: Foul Ball, location: 2F
0-2: Ball
1-2: Ball
2-2: Ball
3-2: Base on Balls
Batting: RHB Stephen Wilson 0-0: Ball
1-0: Ball
2-0: Ground out U3 (Groundball, 3S)
Top of the 8th over - 0 run(s), 0 hit(s), 0 error(s), 1 left on base; Los Cabos 3 - New Orleans 3
BOTTOM OF THE 8TH
New Orleans Looters batting - Pitching for Los Cabos Cartel : LHP António Martínez
Batting: LHB Francisco Vega 0-0: Ball
1-0: Ball
2-0: SINGLE (Groundball, 6MD)
Batting: RHB Stephen Shaw 0-0: Ball
Pickoff Throw to First - Out!
1-0: Ball
2-0: Ball
3-0: Called Strike
3-1: Foul Ball, location: 2F
3-2: Ground out 5-3 (Groundball, 56)
Batting: LHB Taylor Smith 0-0: Called Strike
0-1: Ball
1-1: Ball
2-1: Swinging Strike
2-2: Ground out 4-3 (Groundball, 4)
Bottom of the 8th over - 0 run(s), 1 hit(s), 0 error(s), 0 left on base; Los Cabos 3 - New Orleans 3
TOP OF THE 9TH
Los Cabos Cartel batting - Pitching for New Orleans Looters : RHP Ienobu Sato
Pitching: LHP Juan Méndez
Batting: SHB Rob Grun 0-0: Swinging Strike
0-1: Called Strike
0-2: Ball
1-2: Strikes out swinging
Batting: RHB Gerardo Escobedo 0-0: Ball
1-0: Foul Ball, location: 2F
1-1: Ground out 5-3 (Groundball, 5S)
Batting: RHB John Pick 0-0: Foul Ball, location: 2F
0-1: Swinging Strike
0-2: Ball
1-2: Ball
2-2: Ground out 5-3 (Groundball, 5)
Top of the 9th over - 0 run(s), 0 hit(s), 0 error(s), 0 left on base; Los Cabos 3 - New Orleans 3
BOTTOM OF THE 9TH
New Orleans Looters batting - Pitching for Los Cabos Cartel : LHP António Martínez
Pitching: LHP Santiago González
Pinch Hitting: RHB Luis Alou 0-0: Ball
1-0: Called Strike
1-1: Ground out 4-3 (Groundball, 34)
Batting: RHB Francisco Ibarra 0-0: Foul Ball, location: 2F
0-1: Ball
1-1: Swinging Strike
1-2: Foul Ball, location: 2F
1-2: Foul Ball, location: 2F
1-2: Strikes out swinging
Batting: SHB Nate Rhodes 0-0: Ball
1-0: Ball
2-0: Ball
3-0: Called Strike
3-1: Foul Ball, location: 2F
3-2: Ground out 6-3 (Groundball, 6)
Bottom of the 9th over - 0 run(s), 0 hit(s), 0 error(s), 0 left on base; Los Cabos 3 - New Orleans 3
TOP OF THE 10TH
Los Cabos Cartel batting - Pitching for New Orleans Looters : LHP Juan Méndez
Now in RF: Luis Alou
Batting: RHB Sam Wallace 0-0: Swinging Strike
0-1: Called Strike
0-2: Ball
1-2: Strikes out swinging
Batting: RHB Wilbert Rodgers 0-0: Swinging Strike
0-1: SINGLE (Groundball, 6)
Batting: LHB Willie Wallace 0-0: Called Strike
0-1: Swinging Strike
0-2: Ball
1-2: Strikes out looking
Batting: LHB Miguel Rivería 0-0: Called Strike
0-1: Ball
1-1: Ball
2-1: Ball
3-1: Called Strike
3-2: Strikes out swinging
Top of the 10th over - 0 run(s), 1 hit(s), 0 error(s), 1 left on base; Los Cabos 3 - New Orleans 3
BOTTOM OF THE 10TH
New Orleans Looters batting - Pitching for Los Cabos Cartel : LHP Santiago González
Batting: RHB José Mora 0-0: Called Strike
0-1: Ground out 6-3 (Groundball, 6)
Batting: RHB Dave O'Loan 0-0: Ball
1-0: Ball
2-0: Swinging Strike
2-1: Foul Ball, location: 2F
2-2: Foul Ball, location: 2F
2-2: SINGLE (Line Drive, 56)
Batting: RHB Ángel Castaneda 0-0: Called Strike
0-1: Foul Ball, location: 2F
0-2: Grounds into double play, 6-4-3 (Groundball, 6)
Bottom of the 10th over - 0 run(s), 1 hit(s), 0 error(s), 0 left on base; Los Cabos 3 - New Orleans 3
TOP OF THE 11TH
Los Cabos Cartel batting - Pitching for New Orleans Looters : LHP Juan Méndez
Pitching: RHP Robbie Daniel
Batting: SHB Julián Madrid 0-0: Foul Ball, location: 2F
0-1: Ground out 4-3 (Groundball, 34)
Batting: RHB Stephen Wilson 0-0: Swinging Strike
0-1: SINGLE (Line Drive, 9S)
Batting: SHB Rob Grun 0-0: Called Strike
0-1: SINGLE (Groundball, 34D)
Stephen Wilson to second
Runner from 2nd tries for 3rd, SAFE, no throw or cutoff
Batting: RHB Gerardo Escobedo 0-0: Called Strike
0-1: Ball
1-1: SINGLE (Line Drive, 9S)
Stephen Wilson scores
Rob Grun to second
Batting: RHB John Pick 0-0: DOUBLE (Line Drive, 7LS)
Rob Grun scores
Gerardo Escobedo to third
Batting: RHB Sam Wallace 0-0: Swinging Strike
0-1: Ball
1-1: Foul Ball, location: 2F
1-2: Ball
2-2: Ball
3-2: Strikes out swinging
Batting: RHB Wilbert Rodgers 0-0: Ball
1-0: Ball
2-0: Ball
3-0: Called Strike
3-1: Base on Balls
Batting: LHB Willie Wallace 0-0: Swinging Strike
0-1: Foul Ball, location: 2F
0-2: Fielders Choice at 2nd, U6 (Groundball, 6M)
Top of the 11th over - 2 run(s), 4 hit(s), 0 error(s), 3 left on base; Los Cabos 5 - New Orleans 3
BOTTOM OF THE 11TH
New Orleans Looters batting - Pitching for Los Cabos Cartel : LHP Santiago González
Pitching: RHP Yajirobei Endo
Batting: LHB Francisco Vega 0-0: Ball
1-0: SINGLE (Groundball, 3D)
Batting: RHB Stephen Shaw 0-0: Ball
Wild Pitch!
Francisco Vega to second
1-0: Ball
2-0: Ball
3-0: Reached on error, E6 (Groundball, 6)
Francisco Vega to third
Batting: LHB Taylor Smith 0-0: Ball
1-0: Foul Ball, location: 2F
1-1: Called Strike
1-2: Ball
2-2: Foul Ball, location: 2F
2-2: Foul Ball, location: 2F
2-2: Foul Ball, location: 2F
2-2: Ball
3-2: Base on Balls
Stephen Shaw to second
Batting: RHB Luis Alou 0-0: Ball
1-0: Swinging Strike
1-1: Foul Ball, location: 2F
1-2: Strikes out swinging
Batting: RHB Francisco Ibarra 0-0: Called Strike
0-1: Ball
1-1: Called Strike
Balk!
Francisco Vega scores
Stephen Shaw to third
Taylor Smith to second
1-2: Ball
2-2: Foul Ball, location: 2F
2-2: Foul Ball, location: 2F
2-2: Foul Ball, location: 2F
2-2: Ball
3-2: Foul Ball, location: 2F
3-2: Strikes out looking
Pitching: RHP Masahiko Okada
Batting: SHB Nate Rhodes 0-0: Ball
1-0: Ground out 2-3 (Groundball, 23)
Bottom of the 11th over - 1 run(s), 1 hit(s), 1 error(s), 2 left on base; Los Cabos 5 - New Orleans 4
Monday, December 5th, 2016 - OOTP Baseball 17.12 Build 75